 Dungeon Crawl Stone Soup version 0.30.1-9-gdf580d7c3d (webtiles) character file.

Game seed: 15838947014811543162

10165 Cheops the Zephyrmancer (level 11, -8/81 HPs)
             Began as a Naga Fire Elementalist on Sept 28, 2023.
             Was a Believer of Sif Muna.
             Mangled by Snorg (15 damage)
             ... on level 11 of the Dungeon on Sept 29, 2023.
             The game lasted 01:18:37 (13726 turns).

Cheops the Zephyrmancer (Naga Fire Elementalist)   Turns: 13726, Time: 01:18:38

Health: -8/81      AC: 16    Str: 10    XL:     11   Next: 57%
Magic:  19/32      EV:  9    Int: 23    God:    Sif Muna [**....]
Gold:   486        SH:  0    Dex: 11    Spells: 2/26 levels left

rFire   + . .        a - +9 flail of Xuos {heavy, MP+9}
rCold   . . .        (no shield)
rNeg    . . .        t - +2 leather armour {rC+}
rPois   +            y - +1 helmet
rElec   .            C - +0 cloak
rCorr   .            S - +1 pair of gloves
SInv    +            (no barding)
Will    +....        (no amulet)
Stlth   +++          G - +4 ring of protection
HPRegen 0.33/turn    o - ring of fire
MPRegen 0.23/turn

%: clarity
@: lethally poisoned (-8 -> -37), about to teleport, very slow
A: AC +3, large, see invisible, deformed body, poison resistance, slowness 2,
spit poison 1, naga tail 1, clarity, clever 1, sense surroundings 1
a: Spit Poison, Renounce Religion, Channel Magic


You were on level 11 of the Dungeon.
You worshipped Sif Muna.
Sif Muna was pleased with you.
You visited 2 branches of the dungeon, and saw 12 of its levels.

You collected 486 gold pieces.

Inventory:

Hand Weapons
 a - the +9 flail of Xuos (weapon) {heavy, MP+9}
   (You found it on level 6 of the Dungeon)

   MP:        It affects your magic capacity (+9).
 b - a +2 dagger of flaming
 c - a +1 dagger of freezing
 w - a +1 vampiric dagger
 z - a +3 short sword
 I - the +5 flail "Byunisae" {antimagic, rF+ rC- Str+2 Int+6}
   (You found it on level 3 of the Dungeon)

   Str:       It affects your strength (+2).
   Int:       It affects your intelligence (+6).
   rF:        It protects you from fire.
   rC:        It makes you vulnerable to cold.
 L - a +2 dagger of venom
 P - a +2 scimitar of flaming
 R - the +8 rapier of the Magic Mushroom {drain, rPois}
   (You found it on level 7 of the Dungeon)

   rPois:     It protects you from poison.
Missiles
 H - 3 throwing nets
Armour
 s - the +1 ring mail of the Blind Marksman {Rampage +Blink rC++ Int-3}
   (You found it on level 3 of the Dungeon)

   Int:       It affects your intelligence (-3).
   rC:        It greatly protects you from cold.
   +Blink:    It lets you blink.
   Rampage:   It bestows one free step when moving towards enemies.
 t - a +2 leather armour of cold resistance (worn)
 y - a +1 helmet (worn)
 C - a +0 cloak (worn)
 D - an orb of light
 K - a +0 leather armour of fire resistance
 M - the +0 pair of gloves of Indomitability {rC+ SInv}
   (You found it on level 7 of the Dungeon)

   rC:        It protects you from cold.
   SInv:      It lets you see invisible.
 N - a +0 robe of positive energy
 S - a +1 pair of gloves (worn)
Jewellery
 k - a +6 ring of strength
 o - a ring of fire (right hand)
 q - a ring of resist corrosion
 G - a +4 ring of protection (left hand)
 Q - a ring of protection from fire
Wands
 B - a wand of flame (22)
 E - a wand of paralysis (11)
 J - a wand of light (12)
Scrolls
 h - 2 scrolls of vulnerability
 l - 2 scrolls of magic mapping
 p - 4 scrolls of teleportation
 v - 2 scrolls of immolation
Potions
 d - 4 potions of mutation
 e - 5 potions of attraction
 f - a potion of resistance
 g - a potion of flight {unknown}
 i - 2 potions of haste
 j - a potion of degeneration {unknown}
 m - 3 potions of magic
 n - 2 potions of ambrosia {unknown}
 r - 2 potions of berserk rage
 u - 4 potions of brilliance {unknown}
 A - 2 potions of cancellation {unknown}
 F - 3 potions of curing {unknown}
 O - a potion of might


   Skills:
 - Level 2.0 Short Blades
 - Level 3.0 Dodging
 - Level 6.0 Stealth
 - Level 8.0 Spellcasting
 + Level 8.5 Conjurations
 - Level 2.0 Translocations
 - Level 1.0 Transmutations
 + Level 8.5 Fire Magic
 + Level 8.5 Air Magic
 - Level 1.0 Earth Magic
 - Level 2.0 Invocations
 - Level 2.0 Evocations


You had 2 spell levels left.
You knew the following spells:

 Your Spells              Type           Power      Damage    Failure   Level
a - Foxfire               Conj/Fire      100%       2x1d9     1%          1
p - Plasma Beam           Fire/Air       32%        2x1d49    41%         6
s - Scorch                Fire           100%       2d9       1%          2
w - Flame Wave            Conj/Fire      64%        2d15      2%          4
M - Mephitic Cloud        Conj/Pois/Air  35%        N/A       2%          3
P - Passwall              Tmut/Erth      10%        N/A       10%         2
S - Swiftness             Air            48%        N/A       1%          3
V - Volatile Blastmotes   Fire/Tloc      100%       2d18      3%          3

Your spell library contained the following spells:

 Spells                   Type           Power      Damage    Failure   Level
 Magic Dart               Conj           100%       1d8       1%          1
 Freeze                   Ice            36%        1d5       10%         1
 Call Imp                 Summ           18%        N/A       14%         2
 Ensorcelled Hibernation  Hex/Ice        18%        N/A       14%         2
 Vhi's Electric Charge    Tloc/Air       66%        N/A       3%          3
 Inner Flame              Hex/Fire       43%        N/A       4%          3
 Arcjolt                  Conj/Air       24%        1d34      8%          5
 Summon Cactus Giant      Summ           4%         N/A       100%        6


Dungeon Overview and Level Annotations

Branches:
Dungeon (11/15)            Temple (1/1) D:5            Lair (0/5) D:8
    Orc: D:9-12

Altars:
Ashenzari
Cheibriados
Dithmenos
Elyvilon
Fedhas
Gozag
Hepliaklqana
Kikubaaqudgha
Makhleb
Nemelex Xobeh
Okawaru
Qazlal
Ru
Sif Muna
Trog
Uskayaw
Vehumet
Wu Jian
Xom
Yredelemnul
Zin
The Shining One

Shops:
D:5 *   D:8 *   D:9 [

Annotations:
D:6 fly or dig
D:8 !death yak pack, Joseph
D:11 Snorg


Innate Abilities, Weirdness & Mutations

Your serpentine skin is tough. (AC +3)
You have supernaturally acute eyesight. (SInv)
Armour fits poorly on your strangely shaped body.
Your system is resistant to poisons. (rPois)
You cover ground very slowly.
You can spit poison.
You have a snake-like lower body.
You possess an exceptional clarity of mind.
Your mind is acute. (Int +4, Str/Dex -1)
You passively map a small area around you.


Message History

Sif Muna accepts your kill.
The flame wave engulfs the yak!
The yak is almost dead.
The flame wave engulfs the yak!
You kill the yak!
Sif Muna accepts your kill.
The flame wave engulfs the yak!!
You kill the yak!
Sif Muna accepts your kill.
The flame wave engulfs Snorg!
Snorg is lightly wounded.
You finish channelling waves of flame.
You hear a bellow! x2
The yak gores you but does no damage.
A troll comes into view.
As you read the scroll of teleportation, it crumbles to dust.
You feel strangely unstable.
Snorg goes berserk!
The yak barely misses you.
Found a whip, 6 poisoned darts and a scroll of identify.
Snorg bites you!
* * * LOW HITPOINT WARNING * * *
Snorg claws you.
* * * LOW HITPOINT WARNING * * *
Snorg barely misses you.
Things that are here:
4 large rocks; a cyclops corpse Snorg attacks as you move away!
Snorg bites you but does no damage. Snorg claws you!
* * * LOW HITPOINT WARNING * * *
Snorg claws you!
* * * LOW HITPOINT WARNING * * *
The green ugly thing attacks as you move away!
The green ugly thing gores you.
* * * LOW HITPOINT WARNING * * *
You are lethally poisoned!
The green ugly thing poisons you!
* * * LOW HITPOINT WARNING * * *
You feel extremely sick.
Snorg rages.
Snorg bites you but does no damage. Snorg claws you!
You die...

**,,,,,,******* *,,,,,,,,
*,,...........# ***,*,,*,**
**,.?.........###.,,,,,,,*
**,^.(..../..........*,,***
*,,,.)..........##..#****
*,,,............#T.#*
*,,,..............##
*,,,...............#
*,,,.......@Y......# ******
*,,,.......Tu......##*,,,,*
**,,.........<†....)#*,,,,*
**,....#.....###....,,,,,*
**###*#####..***###,,,,,*
##..,****,,,,**
*##.,,,,,,*** *##,,,,,,****
*,,,,,,,,,,


You could see Snorg (berserk), a green ugly thing, a yak and a troll.

Vanquished Creatures
  Erica (D:10)
  2 two-headed ogres
  Nergalle (D:10)
  A cyclops (D:11)
  An unseen horror (D:10)
  Sigmund (D:2)
  A shadow (D:11)
  2 wyverns (D:9)
  Eustachio (D:6)
  15 yaks
  Grum (D:10)
  A water moccasin (D:7)
  3 black bears
  An orc warrior (D:9)
  An ice beast (D:3)
  2 wolves (D:10)
  A kobold brigand (D:7)
  6 bullfrogs
  4 gnoll sergeants
  3 scorpions
  18 wights
  3 killer bees (D:10)
  5 electric eels
  A howler monkey (D:6)
  7 hounds
  7 orc priests
  2 gnoll boudas
  6 iguanas
  2 sleepcaps
  10 orc wizards
  24 gnolls
  7 adders
  2 white imps
  An ufetubus (D:6)
  7 worms
  2 dart slugs
  31 orcs
  4 ball pythons
  3 bats
  4 endoplasms
  7 giant cockroaches
  9 goblins
  10 hobgoblins
  14 kobolds
  2 quokkas
  3 frilled lizards
  8 rats
248 creatures vanquished.

Vanquished Creatures (collateral kills)
  A foxfire (D:6)
1 creature vanquished.

Vanquished Creatures (others)
  434 foxfires
434 creatures vanquished.

Grand Total: 683 creatures vanquished

Notes
Turn   | Place    | Note
-------+----------+-------------------------------------------
     0 | D:1      | Cheops the Naga Fire Elementalist began the quest for the
                  | Orb.
     0 | D:1      | Reached XP level 1. HP: 15/15 MP: 3/3
   161 | D:1      | Reached XP level 2. HP: 16/22 MP: 3/5
   233 | D:1      | Learned a level 2 spell: Scorch
   617 | D:1      | Reached XP level 3. HP: 14/28 MP: 3/7
  1440 | D:2      | Found a burning altar of Makhleb.
  1659 | D:2      | Reached XP level 4. HP: 21/36 MP: 2/8
  1731 | D:2      | Learned a level 4 spell: Flame Wave
  1788 | D:2      | Noticed Sigmund
  1804 | D:2      | Killed Sigmund
  1805 | D:2      | Reached XP level 5. HP: 29/42 MP: 1/9
  1805 | D:2      | Reached XP level 6. HP: 34/49 MP: 1/10
  1959 | D:2      | You fall into a shaft and drop 1 floor!
  1991 | D:3      | Noticed a black bear
  2237 | D:3      | Killed a black bear
  2368 | D:3      | Identified the +1 ring mail of the Blind Marksman {Rampage
                  | +Blink rC++ Int-3}
  2433 | D:3      | Noticed an ice beast
  2556 | D:2      | Learned a level 3 spell: Volatile Blastmotes
  2719 | D:2      | Found a burning altar of Makhleb.
  3478 | D:3      | Identified the +5 flail "Byunisae" {antimagic, rF+ rC-
                  | Str+2 Int+6}
  3520 | D:3      | Killed an ice beast
  3521 | D:3      | Reached skill level 5 in Conjurations
  3521 | D:3      | Reached XP level 7. HP: 55/55 MP: 5/11
  3889 | D:3      | Reached skill level 5 in Fire Magic
  4120 | D:3      | Found a faded altar of an unknown god.
  4385 | D:4      | Reached skill level 1 in Short Blades
  5319 | D:5      | Entered Level 5 of the Dungeon
  5348 | D:5      | Reached skill level 5 in Stealth
  5699 | D:5      | Found a staircase to the Ecumenical Temple.
  5721 | D:5      | Reached XP level 8. HP: 57/62 MP: 5/12
  5732 | Temple   | Entered the Ecumenical Temple
  6015 | D:5      | Found a shadowy altar of Dithmenos.
  6563 | D:5      | Found Omupinene's Mass Market.
  6576 | D:5      | Reached skill level 1 in Evocations
  7331 | D:6      | Noticed Eustachio
  7343 | D:6      | Killed Eustachio
  7419 | D:6      | Reached skill level 1 in Translocations
  7669 | D:6      | Identified the +9 flail of Xuos {heavy, MP+9}
  7683 | D:6      | Found a shimmering blue altar of Sif Muna.
  7687 | D:6      | Became a worshipper of Sif Muna the Loreminder
  7846 | D:6      | Reached XP level 9. HP: 68/68 MP: 12/16
  7859 | D:6      | Learned a level 6 spell: Plasma Beam
  7889 | D:6      | Reached skill level 5 in Spellcasting
  7893 | D:6      | Reached skill level 1 in Air Magic
  8354 | D:6      | Learned a level 2 spell: Passwall
  8361 | D:6      | Got Sif Muna's Octavo of the Glacier
  8405 | D:7      | Identified the +0 pair of gloves of Indomitability {rC+
                  | SInv}
  8875 | D:6      | Reached skill level 5 in Air Magic
  9961 | D:7      | Identified the +8 rapier of the Magic Mushroom {drain,
                  | rPois}
 10039 | D:7      | Reached * piety under Sif Muna
 10459 | D:8      | Noticed a death yak
 10459 | D:8      | Found a staircase to the Lair.
 10459 | D:8      | Noticed a death yak
 10510 | D:8      | Found Harog's General Store.
 10531 | D:8      | Noticed a two-headed ogre
 10541 | D:8      | Killed a two-headed ogre
 10542 | D:8      | Reached XP level 10. HP: 63/75 MP: 14/19
 10546 | D:8      | Learned a level 3 spell: Mephitic Cloud
 10786 | D:8      | Noticed a death yak
 10803 | D:8      | Noticed Joseph
 10844 | D:8      | Noticed a death yak
 10844 | D:8      | Noticed a death yak
 10844 | D:8      | Noticed a death yak
 11050 | D:9      | Reached skill level 1 in Transmutations
 11050 | D:9      | Reached skill level 1 in Earth Magic
 11304 | D:9      | Noticed a two-headed ogre
 11312 | D:9      | Killed a two-headed ogre
 11786 | D:9      | Reached ** piety under Sif Muna
 11787 | D:9      | Reached XP level 11. HP: 42/81 MP: 21/21
 12011 | D:9      | Learned a level 3 spell: Swiftness
 12029 | D:9      | Found a stormy altar of Qazlal.
 12050 | D:9      | Found Eghia's Armour Boutique.
 12382 | D:10     | Entered Level 10 of the Dungeon
 12434 | D:10     | Noticed Nergalle
 12442 | D:10     | Killed Nergalle
 12444 | D:10     | Noticed Erica
 12526 | D:10     | Killed Erica
 12703 | D:10     | Identified the +1 robe "Lefoaw" {rF+}
 12958 | D:10     | Noticed Grum
 12980 | D:10     | Killed Grum
 13499 | D:11     | Noticed a boulder beetle
 13512 | D:11     | Noticed a manticore
 13520 | D:11     | Gained mutation: You possess an exceptional clarity of
                  | mind. [potion of mutation]
 13520 | D:11     | Gained mutation: You occasionally lose the ability to drink
                  | potions when taking damage. [potion of mutation]
 13520 | D:11     | Gained mutation: Your flesh is heat resistant. (rF+)
                  | [potion of mutation]
 13711 | D:10     | Lost mutation: You occasionally lose the ability to drink
                  | potions when taking damage. [potion of mutation]
 13711 | D:10     | Lost mutation: Your flesh is heat resistant. (rF+) [potion
                  | of mutation]
 13711 | D:10     | Gained mutation: Your mind is acute. (Int +4, Str/Dex -1)
                  | [potion of mutation]
 13711 | D:10     | Gained mutation: You passively map a small area around you.
                  | [potion of mutation]
 13714 | D:11     | Noticed a cyclops
 13719 | D:11     | Noticed a green ugly thing
 13719 | D:11     | Noticed Snorg
 13723 | D:11     | Killed a cyclops
 13726 | D:11     | Mangled by Snorg

Illustrated notes

Levels and vault maps discovered:
D:1:      nzn_arrival_crosshair, layout_basic, item_on_display_a
D:2:      layout_basic, basic_altar, uniq_sigmund
D:3:      layout_loops_cross, shapermc_ecumenical_altar_ellora,
          amethyst_killhole, hangedman_decor_points, minmay_divided_ellipse
D:4:      layout_loops_ring
D:5:      layout_layer_cave, mainiacjoe_overflow_alcove_2,
          minmay_temple_entry_junction_2, minmay_shop_mass
D:6:      layout_cave_pools, led_sif_book, serial_bayou_lagoon_b, uniq_eustachio
D:7:      layout_gridville
D:8:      layout_loops_ring, dpeg_lair_monsters, serial_shops,
          nicolae_shop_behind_doors, nicolae_specific_store, uniq_joseph
D:9:      layout_layer_cave, lemuel_tele_altar, serial_shops, shop,
          nicolae_water_bricks
D:10:     layout_roguey, uniq_grum, uniq_nergalle, uniq_erica
D:11:     layout_rooms, portal_ice_cave_rime, uniq_snorg
Temple:   hellmonk_temple_of_storms

Skill      XL: |  1  2  3  4  5  6  7  8  9 10 11 |
---------------+----------------------------------+-----
Spellcasting   | 3 4 6 7 8 |  8.0
Conjurations   | 2 4 5 6 7 8 |  8.5
Fire Magic     | 4 5 6 7 8 |  8.5
Dodging        | 2 3 |  3.0
Short Blades   | 2 |  2.0
Stealth        | 6 |  6.0
Evocations     | 2 |  2.0
Translocations | 2 |  2.0
Air Magic      | 6 7 8 |  8.5
Transmutations | 1 |  1.0
Earth Magic    | 1 |  1.0
Invocations    | 2 |  2.0

Action                     |  1- 3 |  4- 6 |  7- 9 | 10-12 || total
---------------------------+-------+-------+-------+-------++-------
  Melee: Dagger            |    21 |    36 |    87 |       ||   144
         Flail             |       |       |     3 |    19 ||    22
   Cast: Foxfire           |    52 |    22 |   130 |    47 ||   251
         Scorch            |     4 |     9 |    74 |    42 ||   129
         Flame Wave        |       |       |    10 |    12 ||    22
         Volatile Blastmot |       |       |     4 |     7 ||    11
         Passwall          |       |       |     3 |       ||     3
         Mephitic Cloud    |       |       |       |     7 ||     7
Ability: Spit Poison       |    13 |     5 |     9 |     1 ||    28
  Evoke: Wand              |       |       |     3 |       ||     3
    Use: Potion            |       |     3 |     2 |     5 ||    10
         Scroll            |       |     6 |     3 |     9 ||    18
   Stab: Sleeping          |       |     1 |       |       ||     1
         Paralysed         |       |       |     2 |       ||     2
 Armour: Robe              |     8 |    23 |     3 |       ||    34
         Leather armour    |       |       |   119 |    68 ||   187
  Dodge: Dodged            |    13 |    37 |   135 |    67 ||   252
